[ AOE2 MATCH · #507637478 ]
UnrankedPoles vs Wei
Player's team · LOSS
Rival team · WIN
[ REPLAY ANALYSIS · EXTRACTED FROM THE RECORDED GAME ]
Feudal
12:55
Castle
18:55
Imperial
—
| APM avg | 50.8 |
| APM peak | 93 |
| eAPM avg | 24.5 |
| Villagers / military | 57 / 30 |
Focus
⚔️ 33.0% · 🌾 67.0%
Skirmisher ×16 · Knight ×8 · Militia ×5 · Mangonel ×1
Feudal
9:55
Castle
21:45
Imperial
—
| APM avg | 36.9 |
| APM peak | 69 |
| eAPM avg | 18.5 |
| Villagers / military | 69 / 20 |
Focus
⚔️ 26.7% · 🌾 73.3%
Unknown (1952) ×17 · Archer ×9 · Unknown (1944) ×6 · Mangonel ×4 · Skirmisher ×4 · Monk ×2
Match map
Initial resources + every placement click. Lines = walls · curves = elevation contours. ◆ gold · ⬟ stone · ● berries · ✦ relic · ◌ wall gap
Your base· Open — 6t gap
cornonjakobe's base· ✓ Closed at 21:45 · 37t walls · fragile
Smoothed initial terrain · ◌ = detected wall gap · hover for details
Inputs per minute
— CORP_hector_sin_elo - - cornonjakobe
Build order — CORP_hector_sin_elo
First 150 of 198 actions detected
| 0:00 | Queue | Villager (Male) |
| 0:01 | Queue | Villager (Male) |
| 0:01 | Queue | Villager (Male) |
| 0:03 | Build | House |
| 0:05 | Build | House |
| 0:37 | Queue | Villager (Male) |
| 0:37 | Queue | Villager (Male) |
| 1:24 | Queue | Villager (Male) |
| 1:48 | Queue | Villager (Male) |
| 2:24 | Queue | Villager (Male) |
| 2:24 | Queue | Villager (Male) |
| 2:39 | Queue | Villager (Male) |
| 3:09 | Build | Barracks |
| 3:20 | Build | Palisade Wall |
| 3:21 | Build | Palisade Wall |
| 3:24 | Queue | Villager (Male) |
| 3:25 | Queue | Villager (Male) |
| 3:46 | Queue | Villager (Male) |
| 4:17 | Queue | Villager (Male) |
| 4:17 | Queue | Villager (Male) |
| 4:20 | Build | House |
| 4:24 | Queue | Militia |
| 4:42 | Build | House |
| 4:48 | Queue | Villager (Male) |
| 5:07 | Build | Lumber Camp |
| 5:25 | Queue | Villager (Male) |
| 5:26 | Queue | Militia |
| 5:40 | Queue | Militia |
| 5:56 | Queue | Villager (Male) |
| 6:03 | Build | House |
| 6:10 | Queue | Villager (Male) |
| 6:25 | Build | House |
| 6:28 | Queue | Villager (Male) |
| 6:48 | Queue | Militia |
| 6:49 | Queue | Villager (Male) |
| 7:05 | Build | House |
| 7:08 | Queue | Militia |
| 7:25 | Queue | Villager (Male) |
| 7:37 | Build | House |
| 7:57 | Build | Mill |
| 8:19 | Queue | Villager (Male) |
| 8:22 | Build | House |
| 8:36 | Queue | Villager (Male) |
| 8:52 | Build | Palisade Wall |
| 8:55 | Build | Palisade Wall |
| 8:55 | Build | Palisade Wall |
| 8:56 | Build | Palisade Wall |
| 9:14 | Queue | Villager (Male) |
| 9:22 | Build | Palisade Wall |
| 9:23 | Build | Palisade Wall |
| 9:29 | Build | Farm |
| 9:30 | Build | Farm |
| 9:41 | Build | Palisade Wall |
| 9:41 | Build | Palisade Wall |
| 9:45 | Queue | Villager (Male) |
| 9:50 | Build | Farm |
| 9:59 | Build | Farm |
| 10:15 | Queue | Villager (Male) |
| 10:45 | Research | Feudal Age |
| 10:52 | Build | Mining Camp |
| 11:06 | Build | Farm |
| 11:17 | Build | Farm |
| 11:23 | Build | Palisade Wall |
| 11:25 | Build | Palisade Wall |
| 11:27 | Build | Palisade Wall |
| 11:28 | Build | Palisade Wall |
| 11:29 | Build | Palisade Wall |
| 11:41 | Build | Palisade Wall |
| 11:42 | Build | Palisade Wall |
| 11:45 | Build | Palisade Wall |
| 11:46 | Build | Palisade Wall |
| 11:46 | Build | Palisade Wall |
| 11:58 | Research | Loom |
| 12:01 | Build | House |
| 12:02 | Build | Palisade Wall |
| 12:03 | Build | Palisade Wall |
| 12:03 | Build | Palisade Wall |
| 12:04 | Build | Palisade Wall |
| 12:05 | Build | Palisade Wall |
| 12:05 | Build | Palisade Wall |
| 12:06 | Build | Palisade Wall |
| 12:20 | Queue | Villager (Male) |
| 12:26 | Build | Farm |
| 12:55 | Age | Feudal Age |
| 13:26 | Queue | Villager (Male) |
| 13:39 | Queue | Villager (Male) |
| 13:41 | Build | Archery Range |
| 14:17 | Queue | Skirmisher |
| 14:19 | Queue | Villager (Male) |
| 14:23 | Build | Palisade Wall |
| 14:23 | Build | Palisade Wall |
| 14:25 | Build | Palisade Wall |
| 14:25 | Build | Palisade Wall |
| 14:26 | Build | Palisade Wall |
| 14:28 | Build | Palisade Wall |
| 14:41 | Queue | Villager (Male) |
| 14:45 | Build | Blacksmith |
| 14:52 | Queue | Skirmisher |
| 15:05 | Build | Farm |
| 15:18 | Queue | Skirmisher |
| 15:20 | Queue | Villager (Male) |
| 15:24 | Build | Farm |
| 15:52 | Build | Farm |
| 16:15 | Research | Castle Age |
| 16:15 | Research | Castle Age |
| 16:30 | Build | Stable |
| 16:40 | Research | Double-Bit Axe |
| 16:40 | Research | Double-Bit Axe |
| 16:47 | Queue | Skirmisher |
| 17:08 | Research | Fletching |
| 17:18 | Queue | Skirmisher |
| 17:36 | Research | Bloodlines |
| 17:36 | Research | Bloodlines |
| 18:08 | Build | House |
| 18:12 | Build | House |
| 18:49 | Queue | Villager (Male) |
| 18:55 | Age | Castle Age |
| 18:58 | Queue | Knight |
| 19:16 | Build | Town Center |
| 19:20 | Queue | Villager (Male) |
| 19:24 | Queue | Villager (Male) |
| 19:25 | Queue | Knight |
| 19:35 | Build | Town Center |
| 19:48 | Queue | Skirmisher |
| 19:51 | Queue | Villager (Male) |
| 20:53 | Queue | Villager (Male) |
| 20:53 | Queue | Villager (Male) |
| 21:03 | Queue | Knight |
| 21:12 | Build | Farm |
| 21:28 | Queue | Knight |
| 21:37 | Build | Farm |
| 21:46 | Queue | Villager (Male) |
| 21:46 | Queue | Villager (Male) |
| 22:15 | Queue | Villager (Male) |
| 22:15 | Queue | Villager (Male) |
| 22:19 | Build | Farm |
| 22:22 | Build | Farm |
| 22:25 | Build | Farm |
| 22:28 | Build | Farm |
| 22:28 | Build | Farm |
| 22:45 | Queue | Villager (Male) |
| 23:02 | Queue | Villager (Male) |
| 23:03 | Queue | Villager (Male) |
| 23:06 | Research | Elite Skirmisher (upgrade) |
| 23:06 | Research | Elite Skirmisher (upgrade) |
| 23:15 | Queue | Skirmisher |
| 23:19 | Build | Palisade Wall |
| 23:20 | Build | Palisade Wall |
| 23:21 | Build | Palisade Wall |
| 23:31 | Queue | Skirmisher |
Build order — cornonjakobe
First 150 of 182 actions detected
| 0:01 | Queue | Villager (Male) |
| 0:02 | Build | House |
| 0:03 | Build | House |
| 0:20 | Queue | Villager (Male) |
| 0:20 | Queue | Villager (Male) |
| 0:21 | Queue | Villager (Male) |
| 1:26 | Queue | Villager (Male) |
| 1:58 | Queue | Villager (Male) |
| 2:15 | Queue | Villager (Male) |
| 2:18 | Build | Lumber Camp |
| 2:41 | Queue | Villager (Male) |
| 2:53 | Queue | Villager (Male) |
| 3:21 | Queue | Villager (Male) |
| 3:30 | Build | House |
| 3:33 | Build | House |
| 3:43 | Build | Palisade Wall |
| 3:45 | Build | Palisade Wall |
| 3:58 | Research | Loom |
| 4:16 | Queue | Villager (Male) |
| 4:38 | Queue | Villager (Male) |
| 4:48 | Queue | Villager (Male) |
| 5:06 | Queue | Villager (Male) |
| 5:25 | Queue | Villager (Male) |
| 5:42 | Build | Mill |
| 5:52 | Queue | Villager (Male) |
| 7:08 | Queue | Villager (Male) |
| 7:45 | Research | Feudal Age |
| 8:43 | Queue | Villager (Male) |
| 8:55 | Build | Palisade Wall |
| 9:03 | Build | Palisade Wall |
| 9:14 | Build | Palisade Wall |
| 9:30 | Build | Palisade Wall |
| 9:32 | Build | Palisade Wall |
| 9:36 | Build | Palisade Wall |
| 9:37 | Build | Palisade Wall |
| 9:41 | Queue | Villager (Male) |
| 9:49 | Build | Mill |
| 9:55 | Age | Feudal Age |
| 9:59 | Build | Barracks |
| 10:06 | Build | House |
| 10:13 | Queue | Villager (Male) |
| 10:17 | Queue | Villager (Male) |
| 10:36 | Queue | Villager (Male) |
| 10:41 | Research | Double-Bit Axe |
| 11:02 | Build | Archery Range |
| 11:20 | Queue | Villager (Male) |
| 11:28 | Build | House |
| 11:34 | Build | House |
| 11:46 | Queue | Villager (Male) |
| 11:49 | Queue | Archer |
| 12:03 | Build | House |
| 12:07 | Build | House |
| 12:09 | Queue | Villager (Male) |
| 12:13 | Queue | Skirmisher |
| 12:25 | Build | Mining Camp |
| 12:29 | Queue | Villager (Male) |
| 12:35 | Research | Horse Collar |
| 12:45 | Queue | Villager (Male) |
| 13:00 | Build | Farm |
| 13:01 | Build | Farm |
| 13:08 | Queue | Villager (Male) |
| 13:18 | Build | Lumber Camp |
| 13:25 | Build | House |
| 13:26 | Queue | Villager (Male) |
| 13:31 | Queue | Villager (Male) |
| 13:33 | Build | Farm |
| 13:51 | Queue | Villager (Male) |
| 14:05 | Build | Blacksmith |
| 14:08 | Queue | Villager (Male) |
| 14:14 | Queue | Villager (Male) |
| 14:25 | Queue | Spearman |
| 14:27 | Queue | Skirmisher |
| 14:32 | Build | Archery Range |
| 14:53 | Queue | Skirmisher |
| 15:01 | Build | House |
| 15:05 | Queue | Skirmisher |
| 15:07 | Research | Gold Mining |
| 15:11 | Build | Farm |
| 15:13 | Queue | Villager (Male) |
| 15:15 | Build | Farm |
| 15:32 | Queue | Villager (Male) |
| 15:33 | Queue | Archer |
| 15:38 | Queue | Archer |
| 15:41 | Build | House |
| 15:43 | Build | Palisade Wall |
| 15:57 | Queue | Villager (Male) |
| 16:00 | Build | Farm |
| 16:01 | Build | Farm |
| 16:03 | Build | Farm |
| 16:11 | Build | Farm |
| 16:11 | Queue | Villager (Male) |
| 16:17 | Queue | Archer |
| 16:18 | Queue | Archer |
| 16:25 | Build | House |
| 16:26 | Build | House |
| 16:28 | Build | Palisade Wall |
| 16:38 | Queue | Villager (Male) |
| 16:50 | Queue | Villager (Male) |
| 16:57 | Build | Market |
| 16:59 | Build | Palisade Wall |
| 17:04 | Build | Palisade Wall |
| 17:06 | Build | Palisade Wall |
| 17:07 | Queue | Villager (Male) |
| 17:09 | Queue | Archer |
| 17:09 | Queue | Archer |
| 17:14 | Build | Farm |
| 17:39 | Research | Fletching |
| 17:49 | Build | Farm |
| 17:51 | Build | Farm |
| 17:52 | Queue | Villager (Male) |
| 18:40 | Queue | Villager (Male) |
| 18:41 | Queue | Archer |
| 18:59 | Research | Castle Age |
| 19:15 | Queue | Archer |
| 19:23 | Build | House |
| 19:25 | Queue | Villager (Male) |
| 19:38 | Build | Archery Range |
| 19:41 | Build | Palisade Wall |
| 19:41 | Build | Palisade Wall |
| 19:45 | Build | House |
| 20:03 | Build | Mining Camp |
| 20:46 | Build | House |
| 21:09 | Build | Stable |
| 21:45 | Age | Castle Age |
| 21:46 | Queue | Unit 1952 ×5 |
| 21:49 | Research | Bodkin Arrow |
| 22:05 | Queue | Unit 1944 |
| 22:06 | Queue | Unit 1944 |
| 22:17 | Queue | Unit 1952 |
| 22:17 | Queue | Unit 1952 |
| 22:31 | Queue | Unit 1952 |
| 22:35 | Queue | Unit 1944 |
| 22:36 | Queue | Villager (Male) |
| 22:40 | Research | Bloodlines |
| 22:40 | Research | Husbandry |
| 22:55 | Queue | Villager (Male) |
| 22:59 | Build | Monastery |
| 23:11 | Queue | Villager (Male) |
| 23:14 | Queue | Unit 1952 |
| 23:28 | Queue | Villager (Male) |
| 23:33 | Build | Town Center |
| 23:39 | Queue | Villager (Male) |
| 24:12 | Queue | Villager (Male) |
| 24:19 | Build | Siege Workshop |
| 24:23 | Queue | Unit 1944 |
| 24:40 | Queue | Villager (Male) |
| 24:42 | Queue | Villager (Male) |
| 24:46 | Queue | Monk |
| 24:58 | Queue | Unit 1944 |
| 25:01 | Queue | Villager (Male) |
Match timeline
| 3:09 | CORP_hector_sin_elo · first_building Barracks |
| 3:20 | CORP_hector_sin_elo · wall_segment Palisade Wall x1 |
| 3:21 | CORP_hector_sin_elo · wall_segment Palisade Wall x1 |
| 3:43 | cornonjakobe · wall_segment Palisade Wall x1 |
| 3:45 | cornonjakobe · wall_segment Palisade Wall x1 |
| 8:52 | CORP_hector_sin_elo · wall_segment Palisade Wall x1 |
| 8:55 | cornonjakobe · wall_segment Palisade Wall x1 |
| 8:55 | CORP_hector_sin_elo · wall_segment Palisade Wall x1 |
| 8:55 | CORP_hector_sin_elo · wall_segment Palisade Wall x1 |
| 8:56 | CORP_hector_sin_elo · wall_segment Palisade Wall x1 |
| 9:03 | cornonjakobe · wall_segment Palisade Wall x1 |
| 9:14 | cornonjakobe · wall_segment Palisade Wall x1 |
| 9:22 | CORP_hector_sin_elo · wall_segment Palisade Wall x1 |
| 9:23 | CORP_hector_sin_elo · wall_segment Palisade Wall x1 |
| 9:30 | cornonjakobe · wall_segment Palisade Wall x1 |
| 9:32 | cornonjakobe · wall_segment Palisade Wall x1 |
| 9:36 | cornonjakobe · wall_segment Palisade Wall x1 |
| 9:37 | cornonjakobe · wall_segment Palisade Wall x1 |
| 9:41 | CORP_hector_sin_elo · wall_segment Palisade Wall x1 |
| 9:41 | CORP_hector_sin_elo · wall_segment Palisade Wall x1 |
| 9:55 | cornonjakobe · age_up feudal |
| 9:59 | cornonjakobe · first_building Barracks |
| 11:02 | cornonjakobe · first_building Archery Range |
| 11:23 | CORP_hector_sin_elo · wall_segment Palisade Wall x1 |
| 11:25 | CORP_hector_sin_elo · wall_segment Palisade Wall x8 |
| 11:27 | CORP_hector_sin_elo · wall_segment Palisade Wall x1 |
| 11:28 | CORP_hector_sin_elo · wall_segment Palisade Wall x4 |
| 11:29 | CORP_hector_sin_elo · wall_segment Palisade Wall x3 |
| 11:41 | CORP_hector_sin_elo · wall_segment Palisade Wall x1 |
| 11:42 | CORP_hector_sin_elo · wall_segment Palisade Wall x5 |
| 11:45 | CORP_hector_sin_elo · wall_segment Palisade Wall x1 |
| 11:46 | CORP_hector_sin_elo · wall_segment Palisade Wall x3 |
| 11:46 | CORP_hector_sin_elo · wall_segment Palisade Wall x3 |
| 12:02 | CORP_hector_sin_elo · wall_segment Palisade Wall x1 |
| 12:03 | CORP_hector_sin_elo · wall_segment Palisade Wall x1 |
| 12:03 | CORP_hector_sin_elo · wall_segment Palisade Wall x1 |
| 12:04 | CORP_hector_sin_elo · wall_segment Palisade Wall x1 |
| 12:05 | CORP_hector_sin_elo · wall_segment Palisade Wall x4 |
| 12:05 | CORP_hector_sin_elo · wall_segment Palisade Wall x3 |
| 12:06 | CORP_hector_sin_elo · wall_segment Palisade Wall x1 |
| 12:55 | CORP_hector_sin_elo · age_up feudal |
| 13:41 | CORP_hector_sin_elo · first_building Archery Range |
| 14:23 | CORP_hector_sin_elo · wall_segment Palisade Wall x1 |
| 14:23 | CORP_hector_sin_elo · wall_segment Palisade Wall x1 |
| 14:25 | CORP_hector_sin_elo · wall_segment Palisade Wall x1 |
| 14:25 | CORP_hector_sin_elo · wall_segment Palisade Wall x1 |
| 14:26 | CORP_hector_sin_elo · wall_segment Palisade Wall x1 |
| 14:28 | CORP_hector_sin_elo · wall_segment Palisade Wall x1 |
| 15:43 | cornonjakobe · wall_segment Palisade Wall x1 |
| 16:28 | cornonjakobe · wall_segment Palisade Wall x7 |
| 16:30 | CORP_hector_sin_elo · first_building Stable |
| 16:59 | cornonjakobe · wall_segment Palisade Wall x3 |
| 17:04 | cornonjakobe · wall_segment Palisade Wall x14 |
| 17:06 | cornonjakobe · wall_segment Palisade Wall x2 |
| 18:47 | cornonjakobe · first_market_sell 100 stone |
| 18:48 | cornonjakobe · first_market_buy 100 food |
| 18:55 | CORP_hector_sin_elo · age_up castle |
| 19:41 | cornonjakobe · wall_segment Palisade Wall x1 |
| 19:41 | cornonjakobe · wall_segment Palisade Wall x1 |
| 21:09 | cornonjakobe · first_building Stable |
| 21:45 | cornonjakobe · age_up castle |
| 22:59 | cornonjakobe · first_building Monastery |
| 23:19 | CORP_hector_sin_elo · wall_segment Palisade Wall x1 |
| 23:20 | CORP_hector_sin_elo · wall_segment Palisade Wall x1 |
| 23:21 | CORP_hector_sin_elo · wall_segment Palisade Wall x1 |
| 24:19 | cornonjakobe · first_building Siege Workshop |
| 25:58 | CORP_hector_sin_elo · wall_segment Palisade Wall x3 |
| 26:58 | CORP_hector_sin_elo · first_building Siege Workshop |
| 29:18 | CORP_hector_sin_elo · first_building Castle |
| 29:47 | CORP_hector_sin_elo · resign |
[ AI ANALYSIS · 1 CREDIT ]
What really happened in this match?
Wolo.gg analyzes every decision: build order, eco, micro, common mistakes by bracket. Personalized analysis on WhatsApp or Discord in 30 seconds.
Civ guide
Poles
Perfil
Jugador #459775